AoeStats
← tony le gros rou

Oasis

507527645Analyzed
3v3 RM · 13d ago on Sep 18, 2026· 24m 26s· 6 players
Game mode
Random Map
Map size
Normal (6 player)
Population
200
Speed
Normal
Resources
Standard
Victory
Conquest
Starting age
Dark Age
Ending age
Imperial Age
RankedLock teamsTeams togetherTeam positionsShared explorationLock speedFull tech treeHidden civsTurbo modeCheats
Victory
Defeat
🇫🇷 Saracens · France
1546
+15
🇫🇷 Britons · France
1468
+18
🇩🇪 Persians · Germany
1453
+19
🇦🇷 Britons · Argentina
1579
-20
🇦🇷 Persians · Argentina
1554
-19
🇦🇷 Saracens · Argentina
1412
-13
tony le gros rou
6:34 Loom
8:33 Feudal Age
10:59 Fletching
ccereal
6:36 Loom
8:54 Feudal Age
9:21 Double-Bit Axe
12:23 Fletching
18:50 Castle Age
18:08 Padded Archer Armor
17:49 Horse Collar
18:16 Gold Mining
18:50 Crossbowman
19:31 Bodkin Arrow
22:12 Ballistics
p0n0n0
6:07 Loom
8:27 Feudal Age
9:22 Double-Bit Axe
15:57 Horse Collar
17:15 Scale Barding Armor
18:05 Wheelbarrow
18:39 Forging
23:18 Castle Age
21:47 Bloodlines
23:17 Gold Mining
24:12 Chain Barding Armor
23:49 Light Cavalry
24:46 Bow Saw
24:36 Heavy Plow
25:12 Gold Shaft Mining
[TOX2] A-c-Syno-666
6:36 Loom
9:02 Feudal Age
10:16 Double-Bit Axe
11:58 Horse Collar
17:22 Forging
19:21 Scale Barding Armor
24:24 Castle Age
23:22 Gold Mining
24:30 Bloodlines
Konigs
7:01 Loom
9:15 Feudal Age
10:13 Double-Bit Axe
13:39 Fletching
21:07 Castle Age
19:02 Horse Collar
20:16 Padded Archer Armor
21:08 Crossbowman
21:44 Bodkin Arrow
22:55 Ballistics
[TOX2] Lord Rucci
7:45 Loom
9:56 Feudal Age
11:05 Double-Bit Axe
16:13 Fletching
18:24 Padded Archer Armor
20:23 Horse Collar
21:03 Gold Mining
25:19 Castle Age
Connection lost

Rejoining the realm…

Still unreachable

The connection could not be restored.

Session expired

The server has moved on; the page needs a fresh start.